 Dungeon Crawl Stone Soup version 0.28.0-1-gb440e238dd (webtiles) character file.

Game seed: 571512900215443519

168 Kaptain the Digger (level 5, -12/29 HPs)
             Began as a Gargoyle Earth Elementalist on Feb 23, 2022.
             Mangled by a hell rat (14 damage)
             ... in a sewer.
             The game lasted 00:07:15 (3100 turns).

Kaptain the Digger (Gargoyle Earth Elementalist)    Turns: 3100, Time: 00:07:16

Health: -12/29     AC:  8    Str: 12    XL:     5   Next: 48%
Magic:  6/9        EV: 11    Int: 17    God:
Gold:   92         SH:  0    Dex: 10    Spells: 5/9 levels left

rFire   . . .      SeeInvis .   e - +2 dagger (elec)
rCold   . . .      Faith    .   (no shield)
rNeg    + . .      Spirit   .   a - +0 leather armour
rPois   ∞          Reflect  .   (no helmet)
rElec   +          Harm     .   (no cloak)
rCorr   .          Rampage  .   b - +0 pair of gloves
Will    .....                   (no boots)
Stlth   ++........              (no amulet)
HPRegen 0.09/turn               (no ring)
MPRegen 0.11/turn               (no ring)

@: no status effects
A: sickness immunity, AC +4, negative energy resistance 1, electricity
resistance, torment resistance 1, petrification resistance
a: no special abilities


You were in a sewer.
You visited 1 branch of the dungeon, and saw 3 of its levels.
You also visited: Sewer.

You collected 92 gold pieces.

Inventory:

Hand Weapons
 e - a +2 dagger of electrocution (weapon)
 f - a +1 short sword
Missiles
 c - 29 stones
 h - 4 poisoned darts (quivered)
Armour
 a - a +0 leather armour (worn)
 b - a +0 pair of gloves (worn)
Potions
 g - a potion of ambrosia {unknown}
 i - a potion of lignification {unknown}
 j - 2 potions of heal wounds {unknown}
 k - a potion of might {unknown}


   Skills:
 + Level 1.5 Fighting
 + Level 1.3 Armour
 + Level 2.1 Dodging
 + Level 2.8 Stealth
 * Level 2.9 Spellcasting
 * Level 1.6 Conjurations
 - Level 0.7 Transmutations
 * Level 4.7 Earth Magic


You had 5 spell levels left.
You knew the following spells:

 Your Spells              Type           Power      Damage    Failure   Level
a - Sandblast             Erth           36%        2d10      3%          1
b - Stone Arrow           Conj/Erth      26%        3d8       19%         3

Your spell library contained the following spells:

 Spells                   Type           Power      Damage    Failure   Level
 Passwall                 Tmut/Erth      9%         N/A       11%         2
 Summon Small Mammal      Summ           8%         N/A       22%         1
 Call Canine Familiar     Summ           2%         N/A       56%         3
 Summon Guardian Golem    Hex/Summ       2%         N/A       56%         3
 Petrify                  Tmut/Erth      11%        N/A       58%         4


Dungeon Overview and Level Annotations

Branches:
Dungeon (3/15)              Sewer (1/1)

Altars:
Qazlal
Zin

Shops:
D:2 :[


Innate Abilities, Weirdness & Mutations

You are immune to sickness and miasma.
Your stone body is resilient. (AC +4)
You are immune to poison.
You resist negative energy. (rN+)
You are resistant to electric shocks. (rElec)
You are resistant to unholy torment.
You are immune to petrification.


Message History

Confirm with . or Enter, or press ? or * to list all spells.
Okay, then.
You enter the shallow water.
Moving in this stuff is going to be slow.
You open the door.
A hell rat comes into view.
The hell rat roars deafeningly!
Found seven items.
Found a gate leading back out of this place.
There is an open door here.
You hit the hell rat but do no damage.
Casting: Sandblast (safe; 3% risk of failure)
Confirm with . or Enter, or press ? or * to list all spells.
Aiming: Sandblast (safe; 3% risk of failure)
Press: ? - help, Shift-Dir - straight line, f - hell rat
Aim: a hell rat (79% to hit)
The blast of sand hits the hell rat but does no damage.
c - 31 stones The hell rat bites you!
Casting: Sandblast (safe; 3% risk of failure)
Confirm with . or Enter, or press ? or * to list all spells.
Aiming: Sandblast (safe; 3% risk of failure)
Press: ? - help, Shift-Dir - straight line, f/p - hell rat
Aim: a hell rat (79% to hit)
The blast of sand hits the hell rat.
The hell rat is lightly wounded.
c - 30 stones The hell rat splashes around in the water.
The hell rat bites you!
* * * LOW HITPOINT WARNING * * *
Casting: Sandblast (safe; 3% risk of failure)
Confirm with . or Enter, or press ? or * to list all spells.
Aiming: Sandblast (safe; 3% risk of failure)
Press: ? - help, Shift-Dir - straight line, f/p - hell rat
Aim: a hell rat (lightly wounded, 79% to hit)
The blast of sand hits the hell rat!
The hell rat is severely wounded.
c - 29 stones The hell rat bites you!
You die...

#########
###...≈≈≈.###
###≈≈≈.≈≈...≈≈###
#≈..≈≈##@##≈≈≈≈.#
##...###≈r≈###.≈≈##
#.≈≈##.≈≈≈≈≈≈##≈..#
#≈.≈#≈≈≈≈≈≈≈.≈#≈≈≈#
#≈.≈##≈???!!≈##≈≈≈#
##.≈.###!∩!###≈.≈##
#.≈.≈≈#####.≈.≈≈#
###.≈≈≈.∩≈.≈≈≈###
###.†.∩†..###


You could see a hell rat.

Vanquished Creatures
  An orc priest (D:3)
  3 adders (D:3)
  3 river rats (Sewer)
  3 worms
  A dart slug (D:1)
  4 orcs (D:3)
  3 endoplasms
  6 giant cockroaches
  6 goblins
  6 hobgoblins
  7 jackals
  2 kobolds (D:1)
  A quokka (D:1)
  5 ball pythons
  7 bats
  A frilled lizard (D:2)
  10 rats
69 creatures vanquished.

Notes
Turn   | Place    | Note
-------+----------+-------------------------------------------
     0 | D:1      | Kaptain the Gargoyle Earth Elementalist began the quest for
                  | the Orb.
     0 | D:1      | Reached XP level 1. HP: 10/10 MP: 3/3
   236 | D:1      | Reached XP level 2. HP: 13/15 MP: 1/5
   402 | D:1      | Reached skill level 4 in Earth Magic
   414 | D:1      | Reached XP level 3. HP: 11/20 MP: 0/6
   424 | D:1      | Learned a level 3 spell: Stone Arrow
   621 | D:1      | Reached skill level 1 in Fighting
  1131 | D:2      | Found Voabrek's Book Shop.
  1371 | D:2      | Found Malifoph's Antique Armour Boutique.
  1590 | D:2      | Found a glowing silver altar of Zin.
  1804 | D:2      | Found a faded altar of an unknown god.
  2282 | D:3      | Found a stormy altar of Qazlal.
  2303 | D:3      | Reached XP level 4. HP: 16/25 MP: 0/7
  2462 | D:3      | Reached skill level 1 in Armour
  2462 | D:3      | Reached skill level 1 in Conjurations
  2864 | D:3      | Found a glowing drain.
  2872 | D:3      | Reached XP level 5. HP: 29/29 MP: 6/9
  2887 | Sewer    | Entered a sewer
  3100 | Sewer    | Mangled by a hell rat

Illustrated notes

Levels and vault maps discovered:
D:1:      sevenhm_arrival_forest_fort_small_4, layout_loops_ring
D:2:      layout_loops_ring, basic_altar, serial_shops, shop, shop_fountains,
          shapermc_ecumenical_altar_ellora, chequers_jeans
D:3:      layout_loops_ring, nicolae_overflow_crystal_walls,
          gup_sewer_entry_glass, uniq_sigmund
Sewer:    sewer_hellmonk_bad_rat

Skill      XL: |  1  2  3  4 |
---------------+-------------+-----
Earth Magic    | 4 |  4.7
Fighting       | 1 |  1.5
Armour         | 1 |  1.3
Dodging        | 2 |  2.1
Conjurations   | 1 |  1.6
Stealth        | |  2.8
Spellcasting   | |  2.9
Transmutations | |  0.7

Action                   |  1- 3 |  4- 6 || total
-------------------------+-------+-------++-------
Melee: Dagger            |    46 |    46 ||    92
       Short sword       |    51 |       ||    51
       Punch             |       |     1 ||     1
Throw: Dart              |    10 |       ||    10
 Cast: Sandblast         |    37 |    26 ||    63
  Use: Scroll            |     4 |     2 ||     6
       Potion            |       |     2 ||     2
 Stab: Sleeping          |       |     1 ||     1
Armor: Leather armour    |    34 |    16 ||    50
       Robe              |     1 |       ||     1
Dodge: Dodged            |    74 |    30 ||   104
